cohdb
Replays
Latest Replays
All Replays
Popular Replays
Top Player Replays
Match Explorer
How It Works
Community
CoH3 Stats
Reddit
Sign in to upload your games and track your stats! →
Sign in with Steam
Match 45902829
Unlisted
Match 45902829
Overview
Messages
Build Orders
End
Construct Infanterie Kompanie
Grenadier Squad
MG 42 Machine Gun Team
GrW 34 Mortar Team
Infanterie Officer Quarters
Medical Station
Construct Luftwaffe Kompanie
Selects Mechanized Battlegroup
Selects Mechanized Battlegroup
Flak 30 Anti-aircraft Gun Team
Support Elements
Selects Spotting Scopes
Jäger Squad
Wirbelwind Flakpanzer
Selects Wespe Self-propelled Artillery
Wespe Self-propelled Artillery
Flak 30 Anti-aircraft Gun Team
Wespe Self-propelled Artillery
Marder III M Tank Destroyer
Wirbelwind Flakpanzer
Jäger Squad
Selects Zeroing Artillery Barrage
Selects Raid Package
rourke
MAX
TLS'Waifu
Herr Blautier
TBoR
EPHX_Valkyrion
0
0
Comments
sign in to comment!
No comments posted yet!